Map: Inside and Out

Players

Zoun - Winner!

  • Race: Protoss Protoss
  • Spawn Location: 1:00

Rex

  • Race: Zerg Zerg
  • League: Diamond
  • Spawn Location: 7:00

Event: HomeStory Cup XXII

VOD

Have the link to the VOD?

Description

Time

  • Played on: Dec. 16, 2022, 9:04 a.m.
  • Length: 4:27

All games in this series

Show
View Real Time Build Order
Export as new Build Order

Zoun Protoss - Winner!

Build Orders: 1 Gate Expand 

Get SALT Encoding   

  12  0:00  Probe  
  13  0:12  Probe  
  14  0:19  Pylon  
  14  0:24  Probe  
  15  0:37  Probe (Chrono Boost)  
  15  0:39  Gateway  
  16  0:46  Probe (Chrono Boost)  
  16  0:49  Assimilator  
  17  0:51  Probe  
  18  1:03  Probe  
  19  1:15  Probe  
  20  1:25  Cybernetics Core  
  20  1:35  Nexus  
  20  1:40  Zealot (Chrono Boost)  
  22  1:48  Pylon  
  22  1:50  Probe  
  23  1:57  Warp Gate  
  23  2:06  Adept (Chrono Boost), Probe  
  26  2:13  Gateway  
  26  2:19  Probe  
  26  2:21  Assimilator  
  27  2:28  Adept  
  29  2:33  Probe  
  30  2:38  Shield Battery  
  30  2:46  Probe x2  
  33  2:58  Probe  
  33  3:01  Stalker (Chrono Boost)  
  35  3:08  Probe  
  36  3:17  Probe  
  36  3:19  Stalker (Chrono Boost)  
  37  3:20  Shield Battery  
  37  3:28  Stalker (Chrono Boost)  
  37  3:29  Stargate  
  37  3:31  Probe  
  40  3:38  Probe  
  41  3:43  Pylon  
  41  3:50  Sentry  
  43  3:58  Stalker  
  45  4:08  Shield Battery  
  43  4:16  Zealot  
Show
View Real Time Build Order
Export as new Build Order

Rex Zerg 

Build Orders: Pool First 

Get SALT Encoding   

  12  0:00  Drone  
  13  0:12  Overlord  
  13  0:16  Drone  
  14  0:30  Drone x2  
  16  0:40  Spawning Pool  
  15  0:43  Drone  
  15  0:47  Drone  
  17  1:09  Hatchery  
  16  1:11  Extractor  
  16  1:13  Drone  
  16  1:27  Zergling x4  
  16  1:28  Zergling x2  
  19  1:35  Queen  
  21  1:43  Overlord  
  21  1:57  Roach Warren  
  21  1:59  Drone  
  21  2:12  Metabolic Boost  
  21  2:16  Overlord  
  21  2:40  Roach x3  
  27  2:49  Roach  
  28  2:51  Zergling x2  
  28  2:52  Zergling x4  
  28  2:55  Zergling x2  
  32  3:02  Zergling x4  
  33  3:07  Zergling x2  
  31  3:13  Zergling x2  
  31  3:17  Ravager  
  31  3:18  Zergling x2  
  34  3:24  Zergling x2  
  35  3:29  Zergling x2  
  35  3:31  Zergling x2  
  37  3:35  Zergling x2  
  37  3:40  Zergling x2  
  39  3:47  Zergling x2  
  38  3:50  Drone  
  38  3:55  Zergling x2  
  37  4:01  Zergling x2  
  34  4:05  Zergling x2  
  34  4:08  Zergling x2  
  32  4:12  Ravager  
Tags
 
Add a new tag
Caveats
  • Supply blocks, unpowered buildings, or Contaminate may cause inaccurate times.
  • Supply counts are checked every 10 seconds.